 Dungeon Crawl Stone Soup version 0.30-a0-1043-g60ff8d5f49 (webtiles) character file.

Game seed: 7448337794787406448

7987 themarg the Summoner (level 11, -19/79 HPs)
             Began as a Merfolk Summoner on Apr 10, 2023.
             Was a Priest of Nemelex Xobeh.
             Demolished by an emperor scorpion (23 damage)
             ... on level 8 of the Dungeon on Apr 11, 2023.
             The game lasted 00:48:53 (11469 turns).

themarg the Summoner (Merfolk Summoner)            Turns: 11469, Time: 00:48:54

Health: -19/79     AC:  7    Str:  9    XL:     11   Next: 23%
Magic:  4/17       EV: 13    Int: 19    God:    Nemelex Xobeh [***...]
Gold:   387        SH:  5    Dex: 14    Spells: 0/18 levels left

rFire   . . .      SeeInvis .    R - +5 spear
rCold   . . .      Faith    .    y - +0 buckler
rNeg    + . .      Spirit   .    a - +0 robe
rPois   .          Reflect  .    d - +2 helmet
rElec   .          Rampage  .    (no cloak)
rCorr   .                        (no gloves)
Will    .....                    p - +1 pair of boots
Stlth   ++                       (no amulet)
HPRegen 0.33/turn                A - ring of positive energy
MPRegen 0.15/turn                s - ring of wizardry

@: brilliant
A: (nimble swimmer 2), mertail
a: Renounce Religion, Draw Escape, Draw Destruction, Draw Summoning, Triple Draw


You were on level 8 of the Dungeon.
You worshipped Nemelex Xobeh.
Nemelex Xobeh was most pleased with you.
You visited 1 branch of the dungeon, and saw 8 of its levels.
You also visited: Bailey.

You collected 387 gold pieces.

Inventory:

Hand Weapons
 E - a +0 dagger of venom
 R - a +5 spear (weapon)
Missiles
 k - 55 stones
 q - 27 poisoned darts (quivered)
 x - a curare-tipped dart
 O - 3 boomerangs
Armour
 a - a +0 robe (worn)
 b - the +4 ring mail of the Buccaneer {*Slow Regen+ Dex+6 Slay-2}
   (You found it on level 6 of the Dungeon)

   Dex:       It affects your dexterity (+6).
   Slay:      It affects your accuracy & damage with ranged weapons and melee
   (-2).
   Regen:     It increases your rate of health regeneration.
   *Slow:     It may slow you when you take damage.
 d - a +2 helmet (worn)
 p - a +1 pair of boots (worn)
 y - a +0 buckler (worn)
 M - a +2 leather armour of willpower
 N - a +1 ring mail of fire resistance
Magical Staves
 i - a staff of poison
Jewellery
 c - an amulet of guardian spirit
 e - an amulet of faith
 s - a ring of wizardry (right hand)
 A - a ring of positive energy (left hand)
 S - an amulet of the acrobat
Wands
 F - a wand of roots (13)
 H - a wand of paralysis (7)
 K - a wand of polymorph (7)
 L - a wand of flame (11)
 P - a wand of digging (8)
Scrolls
 f - 2 scrolls of brand weapon
 j - a scroll of torment
 l - a scroll of poison
 n - 5 scrolls of enchant weapon
 C - 3 scrolls of amnesia
 G - a scroll of teleportation {unknown}
 J - 3 scrolls of butterflies
Potions
 g - a potion of resistance {unknown}
 o - a potion of berserk rage {unknown}
 t - a potion of brilliance
 v - a potion of degeneration {unknown}
 z - a potion of attraction {unknown}
 B - a potion of flight {unknown}
 D - 2 potions of lignification
 I - a potion of mutation {unknown}
 Q - a potion of ambrosia {unknown}


   Skills:
 - Level 5.0 Fighting
 - Level 5.0 Polearms
 - Level 5.0 Dodging
 - Level 3.0 Stealth
 - Level 5.0 Shields
 - Level 4.0 Spellcasting
 - Level 3.0 Conjurations
 - Level 10.0 Summonings
 - Level 3.0 Translocations
 + Level 4.7 Ice Magic
 - Level 5.0 Air Magic
 + Level 5.8 Invocations


You couldn't memorise any spells.
You knew the following spells:

 Your Spells              Type           Power      Damage    Failure   Level
a - Summon Small Mammal   Summ           100%       N/A       1%          1
b - Call Imp              Summ           100%       N/A       1%          2
c - Call Canine Familiar  Summ           58%        N/A       1%          3
d - Summon Lightning Spi  Summ/Air       48%        N/A       3%          4
e - Mephitic Cloud        Conj/Pois/Air  20%        N/A       8%          3
f - Summon Forest         Summ/Tloc      21%        N/A       13%         5

Your spell library contained the following spells:

 Spells                   Type           Power      Damage    Failure   Level
 Apportation              Tloc           44%        N/A       1%          1
 Summon Guardian Golem    Hex/Summ       34%        N/A       2%          3
 Poisonous Vapours        Pois/Air       38%        N/A       4%          2
 Hailstorm                Conj/Ice       27%        3d7       4%          3
 Beastly Appendage        Tmut           10%        N/A       7%          1
 Necrotise                Necr           20%        1d5       7%          1
 Sublimation of Blood     Necr           5%         N/A       11%         2
 Wereblood                Tmut           5%         N/A       11%         2
 Spider Form              Tmut/Pois      5%         N/A       21%         3
 Vampiric Draining        Necr           5%         2d6       21%         3
 Ice Form                 Ice/Tmut       19%        N/A       26%         4
 Freezing Cloud           Conj/Ice/Air   14%        6-21      32%         5
 Summon Hydra             Summ           29%        N/A       65%         7
 Alistair's Intoxication  Tmut/Pois      3%         N/A       86%         5
 Simulacrum               Ice/Necr       9%         N/A       98%         6
 Eringya's Noxious Bog    Tmut/Pois      2%         N/A       100%        6
 Necromutation            Tmut/Necr      2%         N/A       100%        8


Dungeon Overview and Level Annotations

Branches:
Dungeon (8/15)             Temple (0/1) D:7            Lair (0/5) D:8
 Bailey (visited)

Altars:
Dithmenos
Fedhas
Gozag
Hepliaklqana
Nemelex Xobeh
Ru
Uskayaw
Zin

Shops:
D:2 :   D:5 (

Annotations:
D:2 1 runed translucent door, Crazy Yiuf
D:6 2 transporters, Zvl3's ghost, novice DsGl


Innate Abilities, Weirdness & Mutations

((You are very nimble when in or above water. (Stealth+, EV+, Speed+++)))
Your lower body shifts to a powerful aquatic tail in water.


Message History

The creatures around you are filled with an inner flame!
It was a scroll of immolation.
* * * LOW HITPOINT WARNING * * *
You feel extremely sick.
Your wolf bites the emperor scorpion but does no damage.
Your wolf barely misses the emperor scorpion.
The emperor scorpion closely misses you. x3
You feel better.
Your wolf bites the emperor scorpion but does no damage.
You block the emperor scorpion's attack.
The emperor scorpion closely misses you.
The emperor scorpion claws you.
* * * LOW HITPOINT WARNING * * *
Your wolf closely misses the emperor scorpion.
Your wolf closely misses the emperor scorpion.
Aiming: Throw Flame
Press: ? - help, Shift-Dir - straight line, f/p - emperor scorpion
Aim: an emperor scorpion (lightly wounded, inner flame, ally target, 81% to hit)
The puff of flame hits the emperor scorpion but does no damage.
The emperor scorpion is lightly wounded.
The emperor scorpion stings you!
* * * LOW HITPOINT WARNING * * *
You block the emperor scorpion's attack.
The emperor scorpion claws you but does no damage.
Your wolf bites the emperor scorpion but does no damage.
You feel better.
Your wolf barely misses the emperor scorpion.
The emperor scorpion barely misses you.
The emperor scorpion claws you but does no damage. x2
Your wolf closely misses the emperor scorpion.
The emperor scorpion stings you!
* * * LOW HITPOINT WARNING * * *
The emperor scorpion barely misses you. The emperor scorpion claws you.
* * * LOW HITPOINT WARNING * * *
It was a potion of brilliance.
You feel clever all of a sudden.
Your wolf barely misses the emperor scorpion.
The emperor scorpion stings you!!
You die...
Your body glows with a rainbow of weird colours and disappears.

##.##.##.##...##....#.##.##.##.##
##.##.##.#..#.........##.#.#..##.
##.##....#.###........#h##.#####.
.........)..§Y).......#Y###..##.#
.........#).###...##..##.####..##
######.#.#..#.8..##..####g.#####.
#.#.##...#.....###.§[).###.. ###
#....##..###..###..#..##...# ..#
####..##.hs@.###..#.#[)##..# #.#
##..########..# . #..##.. #.#
#### #.#..# .. #..#.# #.# #.#.#
.) #.#.# #.# #.## Y)# ##.#
#.####### #.# #.#
#.......#########.# #.#
#.#####.##.....)..## ##.#
#..............##..## ##..#


You could see an emperor scorpion (inner flame, ally target) and a friendly wolf
(summoned, inner flame).

Vanquished Creatures
  A cyclops (D:8)
  A salamander (D:8)
  A yak (D:6)
  2 black bears (D:5)
  A sky beast (D:8)
  A kobold brigand (D:8)
  A bullfrog (D:8)
  2 howler monkeys (D:8)
  A hound (D:7)
  An orc priest (D:4)
  A jelly (D:8)
  An orc wizard (D:6)
  An adder (D:2)
  4 orcs
  2 bats (D:1)
  2 goblins
  A jackal (D:1)
  A quokka (D:4)
  2 ball pythons
  A kobold (D:8)
28 creatures vanquished.

Vanquished Creatures (collateral kills)
  2 hydras (D:8)
  An orc knight (Bailey)
  A deep elf zephyrmancer (Bailey)
  An ugly thing (D:8)
  A hornet (D:8)
  6 yaks
  A basilisk (D:8)
  2 steam dragons (D:7)
  A vampire mosquito (D:8)
  Edmund (D:6)
  An ice beast (D:6)
  A sky beast (D:8)
  2 black bears
  8 orc warriors (Bailey)
  An ogre (D:4)
  A centaur (D:8)
  A phantom (D:6)
  3 bullfrogs
  A kobold brigand (D:4)
  A scorpion (D:5)
  A wight (D:8)
  3 jellies
  3 hounds
  4 orc priests
  A gnoll bouda (D:7)
  2 iguanas
  A sleepcap (D:8)
  7 orc wizards
  7 adders
  5 gnolls
  2 white imps (D:6)
  A worm (D:4)
  3 dart slugs
  27 orcs
  6 endoplasms
  5 giant cockroaches
  6 goblins
  6 hobgoblins
  A jackal (D:1)
  2 quokkas
  10 ball pythons
  2 bats (D:3)
  3 frilled lizards
  7 kobolds
  5 rats
157 creatures vanquished.

Vanquished Creatures (others)
  3 plants (D:4)
3 creatures vanquished.

Grand Total: 188 creatures vanquished

Notes
Turn   | Place    | Note
-------+----------+-------------------------------------------
     0 | D:1      | themarg the Merfolk Summoner began the quest for the Orb.
     0 | D:1      | Reached XP level 1. HP: 13/13 MP: 3/3
   244 | D:1      | Reached XP level 2. HP: 19/19 MP: 3/5
   247 | D:1      | Learned a level 2 spell: Call Imp
  1337 | D:1      | Reached XP level 3. HP: 24/24 MP: 2/6
  1341 | D:1      | Learned a level 3 spell: Call Canine Familiar
  1493 | D:2      | Found Dirubuqo's Book Boutique.
  1799 | D:2      | Found a sparkling altar of Nemelex Xobeh.
  1829 | D:2      | Found a runed translucent door.
  1830 | D:2      | Noticed Crazy Yiuf
  1873 | D:2      | Reached skill level 5 in Summonings
  1874 | D:2      | Became a worshipper of Nemelex Xobeh the Trickster
  2272 | D:2      | Reached XP level 4. HP: 29/30 MP: 4/7
  2460 | D:2      | Found a faded altar of an unknown god.
  3161 | D:3      | Reached * piety under Nemelex Xobeh
  3318 | D:3      | Reached XP level 5. HP: 35/35 MP: 1/8
  3330 | D:3      | Reached skill level 6 in Summonings
  3529 | D:4      | Noticed a kobold brigand
  3541 | D:4      | Killed a kobold brigand
  3942 | D:4      | Reached XP level 6. HP: 38/41 MP: 2/9
  4093 | D:4      | Received a gift from Nemelex Xobeh
  4137 | D:4      | Reached skill level 7 in Summonings
  4565 | D:4      | Reached skill level 8 in Summonings
  4565 | D:4      | Reached XP level 7. HP: 31/46 MP: 10/10
  4832 | D:5      | Entered Level 5 of the Dungeon
  4832 | D:5      | Found a hide-covered altar of Uskayaw.
  4893 | D:5      | Received a gift from Nemelex Xobeh
  4967 | D:5      | Reached skill level 1 in Air Magic
  5099 | D:5      | Reached ** piety under Nemelex Xobeh
  5344 | D:5      | Found a blossoming altar of Fedhas.
  5392 | D:5      | Reached XP level 8. HP: 52/52 MP: 2/11
  5550 | D:5      | Found a sacrificial altar of Ru.
  5763 | D:5      | Reached skill level 9 in Summonings
  5834 | D:5      | Found Okerghaeh's Weapon Boutique.
  6079 | D:6      | Identified the +2 robe "Foaqiw" {-Cast rC++ Dex+5}
  6085 | D:6      | Noticed a yak
  6085 | D:6      | Noticed a yak
  6085 | D:6      | Noticed a yak
  6086 | D:6      | Noticed a yak
  6086 | D:6      | Noticed a yak
  6115 | D:5      | Learned a level 4 spell: Summon Lightning Spire
  6256 | D:6      | Found a transporter.
  6260 | D:6      | Found a transporter.
  6260 | D:6      | Noticed a white ugly thing
  6260 | D:6      | Noticed Zvl3's ghost (novice DsGl)
  6432 | D:6      | Found an opulent altar of Gozag.
  6441 | D:6      | Noticed Edmund
  6449 | D:6      | Killed Edmund
  6904 | D:6      | Killed a yak
  6925 | D:6      | Killed a yak
  6926 | D:6      | Reached skill level 5 in Air Magic
  6936 | D:6      | Noticed a yak
  6938 | D:6      | Killed a yak
  6939 | D:6      | Reached skill level 10 in Summonings
  6939 | D:6      | Reached skill level 1 in Fighting
  6939 | D:6      | Reached skill level 1 in Invocations
  6939 | D:6      | Reached XP level 9. HP: 55/59 MP: 1/12
  7041 | D:6      | Identified the +4 ring mail of the Buccaneer {*Slow Regen+
                  | Dex+6 Slay-2}
  7489 | D:7      | Found a flagged portal.
  7568 | Bailey   | Entered a bailey
  7712 | Bailey   | Noticed an orc knight
  7732 | Bailey   | Reached skill level 5 in Dodging
  7760 | Bailey   | Killed an orc knight
  7765 | Bailey   | Reached XP level 10. HP: 73/73 MP: 2/16
  7847 | Bailey   | Reached skill level 5 in Fighting
  7938 | Bailey   | Reached skill level 1 in Conjurations
  7938 | Bailey   | Reached skill level 5 in Invocations
  8037 | Bailey   | Found a large runed translucent door.
  8037 | Bailey   | Found a large runed translucent door.
  8038 | Bailey   | Noticed a deep elf zephyrmancer
  8049 | Bailey   | Learned a level 3 spell: Mephitic Cloud
  8085 | Bailey   | Killed a deep elf zephyrmancer
  8086 | Bailey   | Reached skill level 1 in Polearms
  8095 | Bailey   | Got Ereshkigal's Folio of Evil
  9072 | D:7      | Found a staircase to the Ecumenical Temple.
  9337 | D:8      | Reached skill level 1 in Shields
  9365 | D:8      | Reached *** piety under Nemelex Xobeh
  9577 | D:8      | Found a shadowy altar of Dithmenos.
  9580 | D:8      | Found a glowing silver altar of Zin.
  9583 | D:8      | Found a hazy altar of Hepliaklqana.
  9586 | D:8      | Found a sparkling altar of Nemelex Xobeh.
  9784 | D:8      | Found a staircase to the Lair.
  9819 | D:8      | Reached skill level 5 in Polearms
 10056 | D:8      | Noticed a catoblepas
 10233 | D:8      | Received a gift from Nemelex Xobeh
 10576 | D:8      | Noticed a brown ugly thing
 10705 | D:8      | Killed a brown ugly thing
 10706 | D:8      | Reached skill level 5 in Shields
 10706 | D:8      | Reached skill level 1 in Ice Magic
 10791 | D:8      | Noticed a five-headed hydra
 10795 | D:8      | Reached skill level 1 in Translocations
 10797 | D:8      | Noticed a four-headed hydra
 10838 | D:8      | Killed a four-headed hydra
 10839 | D:8      | Reached XP level 11. HP: 79/79 MP: 4/17
 10845 | D:8      | Learned a level 5 spell: Summon Forest
 10961 | D:8      | Killed a five-headed hydra
 11045 | D:8      | Noticed a two-headed ogre
 11046 | D:8      | Found the +3 Elemental Staff {rElec rF++ rC++ AC+5}
 11049 | D:8      | a two-headed ogre changed into a salamander
 11049 | D:8      | Noticed a salamander
 11057 | D:8      | Killed a salamander
 11073 | D:8      | a slime creature changed into a cyclops
 11073 | D:8      | Noticed a cyclops
 11078 | D:8      | HP: 1/79 [rime drake/icy flash freeze (13)]
 11080 | D:8      | Killed a cyclops
 11393 | D:8      | a catoblepas changed into an emperor scorpion
 11393 | D:8      | Noticed an emperor scorpion
 11468 | D:8      | HP: 3/79 [emperor scorpion (4)]
 11469 | D:8      | Demolished by an emperor scorpion

Illustrated notes

Levels and vault maps discovered:
D:1:      arrival_zaba_pyramid, layout_loops_corners, minmay_shallow_snake_nest
D:2:      layout_basic, hellmonk_ecumenical_altar_arch_garden, serial_shops,
          nicolae_shop_advertising_works [nicolae_subvault_shop_adworks],
          basic_altar, uniq_crazy_yiuf_cottage
D:3:      layout_rooms
D:4:      layout_basic, serial_forest, infiniplex_forest_pool,
          infiniplex_forest_straight_4, infiniplex_forest_straight_4,
          infiniplex_forest_end_1, infiniplex_forest_lined_2,
          infiniplex_forest_zigzag_2, infiniplex_forest_clump_long,
          infiniplex_forest_straight_5, infiniplex_forest_join,
          infiniplex_forest_clump_medium
D:5:      layout_rooms, mainiacjoe_overflow_catch_the_wave,
          nicolae_overflow_crystal_walls, serial_shops, nicolae_diamond_shop,
          hangedman_decor_points, serial_park_tiny_1
D:6:      layout_basic, mainiacjoe_overflow_small_starburst,
          gammafunk_ghost_arena, uniq_edmund
D:7:      layout_basic, minmay_temple_entry_antechambers, enter_bailey_3
D:8:      minmay_the_grid_octo_triangle [minmay_the_grid_octo_fan_narrow,
          minmay_the_grid_octo_prize_star,
          minmay_the_grid_octo_tetromino_candy], layout_loops_ring,
          grunt_temple_overflow_cloverleaf, amethyst_killhole

Skill      XL: |  1  2  3  4  5  6  7  8  9 10 11 |
---------------+----------------------------------+-----
Stealth        | 3 |  3.0
Summonings     | 5 6 8 10 | 10.0
Air Magic      | 2 5 |  5.0
Fighting       | 1 4 5 |  5.0
Dodging        | 3 5 |  5.0
Invocations    | 1 4 5 |  5.8
Spellcasting   | 4 |  4.0
Conjurations   | 3 |  3.0
Polearms       | 5 |  5.0
Shields        | 5 |  5.0
Ice Magic      | 3 4 |  4.7
Translocations | 2 3 |  3.0

Action                     |  1- 3 |  4- 6 |  7- 9 | 10-12 || total
---------------------------+-------+-------+-------+-------++-------
  Melee: Dagger            |    36 |    14 |       |       ||    50
         Spear             |       |    49 |    71 |    44 ||   164
         Punch             |       |     1 |       |       ||     1
         Trident           |       |       |       |    10 ||    10
  Throw: Dart              |       |     1 |    14 |       ||    15
   Cast: Summon Small Mamm |    38 |    37 |    17 |     1 ||    93
         Call Imp          |    16 |    18 |    16 |     2 ||    52
         Call Canine Famil |     3 |    13 |    26 |    35 ||    77
         Summon Lightning  |       |       |    12 |    32 ||    44
         Mephitic Cloud    |       |       |       |     1 ||     1
 Invoke: Draw Summoning    |       |       |     1 |     4 ||     5
         Draw Destruction  |       |       |       |    14 ||    14
         Draw Escape       |       |       |       |     1 ||     1
  Evoke: Wand              |       |       |       |     4 ||     4
    Use: Scroll            |       |       |     9 |     8 ||    17
         Potion            |       |       |     2 |     6 ||     8
   Stab: Distracted        |     1 |     1 |       |     2 ||     4
         Sleeping          |       |       |       |     1 ||     1
 Armour: Robe              |    14 |     4 |    10 |    16 ||    44
  Dodge: Dodged            |    32 |    33 |    27 |    44 ||   136
  Block: Buckler           |       |       |       |     4 ||     4

Table legend: (Time is in decaauts)
 A = Elapsed time spent in this place.
 B = Non-inter-level travel time spent in this place.
 C = Inter-level travel time spent in this place.
 D = Time resting spent in this place.
 E = Time spent auto-exploring this place.
 F = Levels seen in this place.
 G = Mean time per level.
                   A        B        C        D        E       F      G
               +--------+--------+--------+--------+--------+-----+--------+
         Total |  11470 |  11171 |    299 |   1413 |   7280 |   9 | 1274.4 |
       Dungeon |  10889 |  10590 |    299 |   1215 |   7280 |   8 | 1361.1 |
        Bailey |    581 |    581 |      0 |    198 |      0 |   1 |  581.0 |
               +--------+--------+--------+--------+--------+-----+--------+

Top non-repeatable levels by time:
     D:8: 1918 daAuts
     D:7: 1568 daAuts
     D:4: 1489 daAuts
     D:1: 1425 daAuts
     D:2: 1358 daAuts
     D:6: 1264 daAuts
     D:5: 1189 daAuts
     D:3: 675 daAuts
  Bailey: 581 daAuts
